Workbook

Sheet Part A
A1: Form-REG-3
A2: CHARTERED ACCOUNTANT’S CERTIFICATE
A3: (To be submitted at the time of Registration of Project, Withdrawal of Money from Separate Account and Submission of Quarterly Progress Report)
A5: No. Date:-
A6: Information as on ___________
A8: Subject: Certificate of amount incurred for Construction and Development of the Project ____________ with registration number ___________situate in Khasra No/ Plot no ___________ demarcated by its boundaries (latitude-__________ and longitude-_________ of the end points) ____________ to the North __________to the South__________to the East__________to the West of __________Tehsil- __________Competent/Development authority_ ___________, District- _______PIN-__________admeasuring document area__________ s.q.mts. area being developed by ___________UPRERAPRM______ having Separate A/c No. ________ in _______ Bank.
A11: PART-A
C12: Rs.in lacs | D12: Rs. In lacs | E12: Rs. In lacs | F12: Rs. In lacs
A13: S.No. | B13: Particulars | C13: Total Estimated Cost | D13: Amount incurred till last quarter | E13: Amount incurred during the quarter | F13: Amount incurred till now
A14: 1 | B14: 2 | C14: 3 | D14: 4 | E14: 5 | F14: 6
A15: 1 | B15: Land Cost
B16: (a) Acquisition cost of land and legal costs on land transaction:
B17: (a.1) For Project Estimation Purpose
B18: i - In case of acquisition through Purchase, actual purchase price or the latest the DM circle rate of the subject land, whichever is higher. | C18: 0
B19: ii- In case of acquisition through Joint Development Agreement with land owner, the consideration as specified in the Joint Development Agreement or the DM Circle Rate of the subject land on the date of application of registration in U.P. RERA, whichever is higher. | C19: 0
B20: iii- In case of land being inherited /gifted/ through will, the cost of land shall be as per the DM circle rate on the date of application of registration of project in U.P. RERA. | C20: 0
B21: TOTAL OF LAND COST - For Project Estimation Purpose | C21: =SUM(C18:C20) -> 0
B22: (a.2) For Purpose of % Completion of the project and Withdrawal from Separate Account
B23: i - In case of acquisition through Purchase, the actual purchase price will be considered. | C23: 0 | D23: 0 | E23: 0 | F23: =D23+E23 -> 0
B24: ii- In case of acquisition through Joint Development Agreement, the actual cost incurred by the landowner or the value of the subject land at DM Circle Rate of the subject land on the date of application of registration in U.P. RERA, whichever is higher. | C24: 0 | D24: 0 | E24: 0 | F24: 0
B25: iii- In case of land being inherited /gifted/ through will, the cost of land shall be as per the DM circle rate on the date of application of registration of project in U.P. RERA. | C25: 0 | D25: 0 | E25: 0 | F25: 0
B26: TOTAL OF LAND COST - For % completion and withdrawal purpose | C26: =SUM(C23:C25) -> 0 | D26: =SUM(D23:D25) -> 0 | E26: =SUM(E23:E25) -> 0 | F26: =SUM(F23:F25) -> 0
B27: (b) Amount payable to obtain development rights, additional FAR and/or any other work under the provisions of Local Authority or State Government or Statutory Authority, if any; | C27: 0 | D27: 0 | E27: 0 | F27: =D27+E27 -> 0
B28: (c) Amounts payable to State Government or Competent Authority or any other statutory authority of the State or Central Government towards stamp duty, transfer charges, registration fees etc. (if not included in para (a) above); | C28: 0 | D28: 0 | E28: 0 | F28: =D28+E28 -> 0
B29: (d) Interest (Other than Penal Interest and Penalties etc.) on loan/ borrowing provided such loan/ borrowing has been utilised for purchase of land i) paid to Scheduled Banks ii) paid to others e.g. NBFC, Unsecured Loan(s)- this interest amount will be restricted at State Bank of India - Marginal cost of Fund based lending Rate (SBI -MCLR) iii) paid to the Competent Authority for acquisition of land | C29: 0 | D29: 0 | E29: 0 | F29: =D29+E29 -> 0
B30: TOTAL OF LAND COST
A31: 1A | B31: - For Project Estimation Purpose i.e. a.1+ b+c+d | C31: =SUM(C27:C29)+C21 -> 0
A32: 1B | B32: - For Withdrawal Purpose i.e. a.2+ b+c+d | C32: =SUM(C26:C29) -> 0 | D32: =SUM(D26:D29) -> 0 | E32: =SUM(E26:E29) -> 0 | F32: =SUM(F26:F29) -> 0
A33: 2 | B33: Project Clearance Fees (strictly related to construction and developmment of the this project)
B34: (a) Fees paid to RERA | C34: 0 | D34: 0 | E34: 0 | F34: =D34+E34 -> 0
B35: (b) Fees paid to Local Authority | C35: 0 | D35: 0 | E35: 0 | F35: =D35+E35 -> 0
B36: (c) Consultant/Architect Fees (directly attributable to project) | C36: 0 | D36: 0 | E36: 0 | F36: =D36+E36 -> 0
B37: (d) Other, if any attributable to project (specify) | C37: 0 | D37: 0 | E37: 0 | F37: =D37+E37 -> 0
B38: TOTAL OF FEES PAID | C38: =SUM(C34:C37) -> 0 | D38: =SUM(D34:D37) -> 0 | E38: =SUM(E34:E37) -> 0 | F38: =D38+E38 -> 0
A39: 3A | B39: Cost of Construction and Development
B40: (a) Cost of services (water, electricity to construction site) , Site Overheads; | C40: 0 | D40: 0 | E40: 0 | F40: =D40+E40 -> 0
B41: (b) b. Depreciation cost of machinery and equipment under the ownership of the promoter based on the actual use of such machinery or equipment in the relevant project, along with cost of maintenance, consumables, etc, as long as these cost are directly incurred on the construction of the said project. In case, the said machinery and equipment are used in more than one project only the apportioned amount of depreciation, the cost of maintenance and consumables shall be charged on the relevant project; | C41: 0 | D41: 0 | E41: 0 | F41: =D41+E41 -> 0
B42: (c) Hiring charges of the machinery and equipment on the basis of actual use in the relevant project
B43: (d) Cost of materials actually purchased; | C43: 0 | D43: 0 | E43: 0 | F43: =D43+E43 -> 0
B44: (e) Cost of Salary and Wages (excluding cost of salaries of employees of the company not directly attached to project); | C44: 0 | D44: 0 | E44: 0 | F44: =D44+E44 -> 0
B45: Total of Construction and Development Cost (sum of (a) to (e) of 3A) | C45: =SUM(C40:C44) -> 0 | D45: =SUM(D40:D44) -> 0 | E45: =SUM(E40:E44) -> 0 | F45: =D45+E45 -> 0
A46: 3B | B46: Cost of Construction and Development incurred (the amount as reported in Row 4 (after Table-B) of the latest Engineer's Certificate i.e. REG-2) | D46: 0 | E46: 0 | F46: =D46+E46 -> 0
A47: 3C | B47: Total Construction and Development Cost (Lower of 3A and 3B) | D47: =MIN(D45,D46) -> 0 | E47: =MIN(E45,E46) -> 0 | F47: =MIN(F45,F46) -> 0
A48: 3D | B48: Interest on loan/ borrowing (Other than Penal Interest and Penalties etc.) provided such loan/ borrowing has been utilised for construction of this project: a) paid to Scheduled Banks b) paid to others e.g. NBFC, Unsecured Loan(s)- this interest amount will be restricted at State Bank of India - Marginal cost of Fund based lending Rate (SBI -MCLR)" | C48: 0 | D48: 0 | E48: 0 | F48: =D48+E48 -> 0
A49: 3E | B49: TOTAL CONSTRUCTION AND DEVELOPMENT COST (S No. 3C + S No. 3D) | C49: =C45+C48 -> 0 | D49: =D47+D48 -> 0 | E49: =E47+E48 -> 0 | F49: =F47+F48 -> 0
A50: 4 | B50: TOTAL COST OF PROJECT
A51: 4A | B51: - For Project Estimation Purpose (S No. 1A + S No. 2 + S No. 3E) | C51: =C31+C38+C49 -> 0
A52: 4B | B52: - For % completion of the project and withdrawal purpose (S No. 1B + S No. 2 + S No. 3E) | C52: =C32+C38+C49 -> 0 | D52: =D32+D38+D49 -> 0 | E52: =E32+E38+E49 -> 0 | F52: =D52+E52 -> 0
A53: 5 | B53: Percentage completion of Construction & Development Work completed as per latest REG-2 i.e. (Amount in Row 4 of REG-2 / Amount in Row 3 of REG-2) x100 | C53: 0
A54: 6 | B54: Percentage completion of the Project (Proportionate cost incurred on the project to the total estimated cost) (Col.6 of S No. 4B / Col.3 of S No. 4B) | C54: =F52/C52 -> #DIV/0!
A55: 7 | B55: Total amount received from allottees till date since Inception of the Project | C55: 0
A56: 8 | B56: 70% Amount to be deposited in Separate Account (70%*S No. 7) | C56: =C55*0.7 -> 0
A57: 9 | B57: Loan sanctioned for the project till date (secured and unsecured both) | C57: 0
A58: 10 | B58: Loan disbursed for the project till date (secured and unsecured both)
B59: a- Loan disbursed before grant of RERA Registration in an account other than the Separate Account
B60: b- Loan disbursed before grant of RERA Registration in the Separate Account
B61: c- Loan disbursed after grant of RERA Registration and credited in Separate A/c
B62: d- Loan disbursed after grant of RERA Registration but credited in an account other than Separate A/c
B63: Total Loan Disbursed (10a+10b+10c+10d) | C63: =C59+C61+C62 -> 0
A64: 11 | B64: Interest on deposits (flexi facility) credited to the Separate account | C64: 0
A65: 12 | B65: Total amount to be credited in the Separate Account till date (S No. 8 + S No. 10 + S No. 11) | C65: =C56+C63+C64 -> 0
A66: 13 | B66: Cumulative Amount that can be withdrawn from Separate a/c, i.e. (Total Estimated Cost * Proportionate Cost Incurred on the Project) (Column 3 of S No. 4B * S No. 6) | C66: =C52*C54 -> #DIV/0!
A67: 14 | B67: 70% of the amount paid to the GST Department from the amount collected from the Allottees | C67: 0
A68: 15 | B68: 70% of the principal amount refunded on account of cancellation of unit (provided 70% of the amount collected was deposited to the Separate Account earlier). (The CA will necessarily ensure that units stand cancelled and if the 70% of the principal amount is to be refunded, the details shall be given in Part B of this Certificate) | C68: 0
A69: 16 | B69: Amount actually withdrawn from Separate a/c till date since inception of the project. This shall include the following also: a- 70% of the amounts already realised till date but not deposited in the Separate Account b- Amount already withdrawn towards amount refunded to the allottee(s) against cancellation of unit(s) c- Amount already withdrawn for repayment of loan as mentioned in 10a above (principal only) | C69: 0
A70: 17 | B70: Bank charges, if any | C70: 0
A71: 18 | B71: Repayment, if any, of principal amount of the loan/ borrowings taken against this project (to be allowed only after receipt of Completion Certificate/ Occupancy Certificate in accordance with the Bank Account Directions)* | C71: 0
A72: 19 | B72: Computed Balance in Separate A/c as on date: (S No. 12 - S No. 16 - S No. 17) | C72: =C65-C69-C70 -> 0
A73: 20 | B73: Actual Balance available in Separate A/c as on date | C73: 0
A74: 21 | B74: Difference between the computed balance and actual balance in Separate A/c (S No. 19 - S No. 20) Should be Nil (In case computed balance is significantly higher than actual balance, revisit Row 16) | C74: =C72-C73 -> 0
A75: 22 | B75: Eligibility for withdrawal (i.e. the amount that can be withdrawn) from the Separate A/c (S No. 13 + S No. 14 + S No. 15 + S No. 18- S No. 16)* | C75: =(C66+C67+C68+C71-C69) -> #DIV/0!
A76: 23 | B76: Amount to be directly paid to the vendors/ billers/ contractors/ Allottees (in case of refund as per S No. 15 above) as per Part B of this Certificate | C76: ='Part B'!C46/100000 -> 0
A77: 24 | B77: Amount that can be finally transferred to the Transaction account (S No. 22 - S No. 23) | C77: =C75-C76 -> #DIV/0!
A78: This certificate is being issued on specific request of ______________ (UPRERAPRM______) for UP RERA compliance. The certification is based on the information and records produced before us and is true to the best of our/my knowledge and belief.
A79: Notes: 1) Based on the information provided by the promoter, I/We certify that the land parcel for this project has not been mortgaged in any other project or for any other type of loans/borrowings. 2) It has been understood and confirmed by the promoter that admissibility of the interest on borrowings from Unsecured Loans/From institutions other than Banks for this project is restricted to SBI MCLR. 3) We certify that out of the total estimated interest in this certificate, Rs. ___ Lacs is the interest on unsecured loans/From institutions other than Banks and is restricted to the prevailing SBI MCLR i.e. ____%. 4) We certify that out of the total interest amount incurred in this certificate, Rs.___ Lacs is the interest on unsecured loans/From institutions other than Banks and is restricted to the prevailing SBI MCLR i.e. ____%. *5) We certify that the entry at Row 18 has been taken here for repayment of Principal amount of the loan/borrowings against this project after verifying that the CC/ OC of the entire project has been received (else entry at Row18 is Zero) 6) We also certify that there have been no changes in the prescribed format of the REG-3 and is prepared strictly in accordance of the provisions of Project Bank Account Directions (as amended from time to time).
A80: CA _________ M No. _________ _____________ (Chartered Accountants) Firm Registration Number _________ UDIN:

Sheet Part B
A2: Form-REG-3
A3: CHARTERED ACCOUNTANT’S CERTIFICATE (On Letter Head)
A4: (To be submitted at the time of Registration of Project, Withdrawal of Money from Separate Account and Submission of Quarterly Progress Report)
A6: ='Part A'!A5 -> No. Date:-
A7: ='Part A'!A6 -> Information as on ___________
A10: ='Part A'!A8 -> Subject: Certificate of amount incurred for Construction and Development of the Project ____________ with registration number ___________situate in Khasra No/ Plot no ___________ demarcated by its boundaries (latitude-__________ and longitude-_________ of the end points) ____________ to the North __________to the South__________to the East__________to the West of __________Tehsil- __________Competent/Development authority_ ___________, District- _______PIN-__________admeasuring document area__________ s.q.mts. area being developed by ___________UPRERAPRM______ having Separate A/c No. ________ in _______ Bank.
A14: PART-B
A15: I/ We also certify that:
A16: Out of the amount reported in Column 6 of S No. 4B above:
A17: (a) | B17: Rs. _______ Lacs has been actually spent on the land, construction and development of the project and has not been spent on any item other than the purpose given in Section 4(2)(l)(d) and is, therefore, admissible for withdrawal from the Separate Account.
A18: (b) | B18: Rs. _______ Lacs is the amount for which bills/ invoices from the biller/ vendor/ contractor have been received for the work already rendered by them for the land, construction and development work of this project and being due for payment are, therefore, admissible for payment from the Separate Account directly to the biller/ vendor/ contractor in their bank account as per the list given below.
A19: (c) | B19: Rs. _______ Lacs is the amount pertaining to the refund to be made to the Allottees where allotted units have been cancelled in compliance of U.P. RERA orders for refund to the concerned allottee or for the reason of default by the concerned allottee as per the Agreement For Sale entered into with that allottee.
G20: (in Rs)
A21: S No. | B21: Name of the vendor/ contractor/ Allottee | C21: Amount due | D21: Amount due towards (detail of work) | E21: Bank Name | F21: IFSC | G21: Bank Account No.
A22: 1
A23: 2
A24: 3
A25: 4
A26: 5
A27: 6
A28: 7
A29: 8
A30: 9
A31: 10
A32: 11
A33: 12
... A45: 24
B46: Total | C46: =SUM(C22:C45) -> 0
A48: ='Part A'!A78 -> This certificate is being issued on specific request of ______________ (UPRERAPRM______) for UP RERA compliance. The certification is based on the information and records produced before us and is true to the best of our/my knowledge and belief.
A49: ='Part A'!A80 -> CA _________ M No. _________ _____________ (Chartered Accountants) Firm Registration Number _________ UDIN:
